 Dungeon Crawl Stone Soup version 0.28.0 (webtiles) character file.

Game seed: 15939424916038374544

8824 browni3141 the Cleaver (level 11, -2/97 HPs)
             Began as a Minotaur Berserker on Feb 17, 2022.
             Was an Elder of Trog.
             Slain by an efreet (7 damage)
             ... on level 9 of the Dungeon.
             The game lasted 00:05:39 (11039 turns).

browni3141 the Cleaver (Minotaur Berserker)        Turns: 11039, Time: 00:05:40

Health: -2/97      AC: 18    Str: 26    XL:     11   Next: 15%
Magic:  19/19      EV:  5    Int:  4    God:    Trog [****..]
Gold:   448        SH: 21    Dex: 13    Spells: 10/10 levels left

rFire   . . .      SeeInvis .   J - +0 broad axe
rCold   + . .      Faith    .   L - +0 tower shield of Watchfulness {rC+ Slay+3}
rNeg    . . .      Spirit   .   v - +0 plate armour
rPois   .          Reflect  +   (helmet restricted)
rElec   .          Harm     .   o - +0 cloak
rCorr   .          Rampage  .   t - +0 pair of gloves
Will    .....                   r - +0 pair of boots
Stlth   ..........              K - amulet of the Eight Visionaries {Reflect +Blink Dex+3 SH+5}
HPRegen 0.26/turn               W - ring of magical power
MPRegen 0.16/turn               (no ring)

@: on berserk cooldown, slowed, very slow
A: horns 2, retaliatory headbutt
a: Renounce Religion, Evoke Blink, Berserk, Trog's Hand, Brothers in Arms


You were on level 9 of the Dungeon.
You worshipped Trog.
Trog was greatly pleased with you.
You visited 2 branches of the dungeon, and saw 10 of its levels.

You collected 736 gold pieces.
You spent 288 gold pieces at shops.


Innate Abilities, Weirdness & Mutations

You have a pair of horns on your head.
You reflexively headbutt those who attack you in melee.


   Skills:
 + Level 9.1 Fighting
 * Level 12.4 Axes
 + Level 3.2 Throwing
 + Level 8.8 Armour
 - Level 2.1 Dodging
 * Level 10.8 Shields
 + Level 2.9 Evocations


You had 10 spell levels left.
You didn't know any spells.
Your spell library was empty.

Inventory:

Hand Weapons
 a - a +0 hand axe
 J - a +0 broad axe (weapon)
Missiles
 g - 2 throwing nets (quivered)
 u - 6 silver javelins
Armour
 b - a +0 animal skin
 o - a +0 cloak (worn)
 r - a +0 pair of boots (worn)
 s - a +0 kite shield
 t - a +0 pair of gloves (worn)
 v - a +0 plate armour (worn)
 E - a scarf of harm
 L - the +0 tower shield of Watchfulness (worn) {rC+ Slay+3}
   (You found it on level 9 of the Dungeon)

   Slay:      It affects your accuracy & damage with ranged weapons and melee
   (+3).
   rC:        It protects you from cold.
Jewellery
 w - a ring of magical power
 G - an amulet of guardian spirit
 K - the amulet of the Eight Visionaries (around neck) {Reflect +Blink Dex+3 SH+5}
   (You bought it in a shop on level 9 of the Dungeon)

   [amulet of reflection]

   It reflects blocked missile attacks.
   Dex:       It affects your dexterity (+3).
   +Blink:    It lets you blink.
   SH:        It affects your SH (+5).
 W - a ring of magical power (left hand)
Wands
 I - a wand of mindburst (14)
 M - a wand of acid (4)
 P - a wand of charming (6)
Scrolls
 c - 2 scrolls of immolation {unknown}
 f - 2 scrolls of fog {unknown}
 h - 2 scrolls of brand weapon {unknown}
 i - 6 scrolls of identify {unknown}
 l - 4 scrolls of teleportation {unknown}
 m - a scroll of magic mapping {unknown}
 q - 2 scrolls of blinking {unknown}
 y - 2 scrolls of fear {unknown}
 C - a scroll of holy word {unknown}
 D - a scroll of enchant armour {unknown}
 F - a scroll of enchant weapon {unknown}
 N - a scroll of noise {unknown}
Potions
 d - a potion of magic {unknown}
 e - 4 potions of ambrosia {unknown}
 j - a potion of cancellation {unknown}
 k - 3 potions of flight {unknown}
 n - 4 potions of heal wounds {unknown}
 p - 7 potions of curing {unknown}
 x - a potion of lignification {unknown}
 z - a potion of degeneration {unknown}
 A - 2 potions of attraction {unknown}
 B - 2 potions of haste {unknown}
 H - a potion of might {unknown}
Miscellaneous
 O - a piece from Xom's chessboard (15/15)

Dungeon Overview and Level Annotations

Branches:
Dungeon (9/15)             Temple (1/1) D:4            Lair (0/6) D:8
    Orc: D:9-12

Altars:
Dithmenos
Gozag
Kikubaaqudgha
Okawaru
Qazlal
Sif Muna
Trog
Wu Jian

Shops:
D:1 (   D:3 [   D:5 *   D:6 [   D:9 *

Annotations:
D:9 2 runed translucent doors

.¦¦¦¦¦¦¦¦¦...¦¦¦¦¦...##### ####
¦¦¦.¦¦.(.....¦¦.¦¦¦¦.....#
.¦.¦...¦¦¦¦¦..¦¦.¦¦¦¦¦...########
¦.¦...¦¦...¦¦.¦¦+¦¦¦¦¦¦¦...##....
.¦.¦..¦(([.:¦.¦¦....¦¦¦¦¦¦....###
¦[¦.¦>¦.)8..¦.¦¦Z†..+....'¦¦..#
.¦.¦¦.¦...([¦..¦z{..¦¦¦¦¦¦....#
¦.¦.¦.¦....¦¦..¦R¦¦¦¦¦¦¦...####
.¦.¦¦..¦¦¦¦¦...¦@¦¦¦¦¦...###
¦¦¦.¦¦.......¦¦.¦¦¦¦...###
.¦¦¦¦¦...¦¦¦¦¦¦¦¦¦...###
...¦¦.¦¦¦¦ ¦¦.¦¦.....# ####
##..¦¦.¦¦ ¦¦.¦¦.....## #...
⌠.#.¦¦¦.¦¦¦.¦¦¦..#..# #...
.....¦¦¦.¦.¦¦¦......# #...
⌠#...¦¦¦¦.¦¦¦¦...#..##########)..
###...¦ ¦.¦ ¦.............<..))..


You could see an efreet, a wight and a centaur zombie.


Message History

The steam dragon is engulfed in blazing flames.
The steam dragon dies!
You slash the efreet! You headbutt the efreet.
The efreet is moderately wounded.
The efreet hits you with a +3 scimitar of flaming.
The efreet burns you. The efreet gestures at you. The bolt of fire hits you!
* * * LOW HITPOINT WARNING * * *
You barely miss the efreet. You headbutt the efreet!
The efreet is heavily wounded.
The efreet hits you with a +3 scimitar of flaming!
* * * LOW HITPOINT WARNING * * *
The efreet burns you.
* * * LOW HITPOINT WARNING * * *
You block the efreet's attack.
You barely miss the efreet.
The efreet is heavily wounded.
The efreet gestures at you. The bolt of fire hits you!
* * * LOW HITPOINT WARNING * * *
You are too injured to fight recklessly!
You hit the efreet but do no damage.
The efreet is heavily wounded.
The efreet hits you with a +3 scimitar of flaming!
* * * LOW HITPOINT WARNING * * *
The efreet burns you.
* * * LOW HITPOINT WARNING * * *
The efreet hits you with a +3 scimitar of flaming!
You die...

Skill      XL: |  1  2  3  4  5  6  7  8  9 10 |
---------------+-------------------------------+-----
Axes           | 4 5 6 8 9 11 12 | 12.4
Fighting       | 4 5 6 7 8 9 |  9.1
Armour         | 3 4 5 6 7 8 |  8.8
Shields        | 2 4 7 9 10 | 10.8
Throwing       | 1 3 |  3.2
Evocations     | 2 |  2.9
Dodging        | |  2.1

Action                   |  1- 3 |  4- 6 |  7- 9 | 10-12 || total
-------------------------+-------+-------+-------+-------++-------
Melee: Hand axe          |    42 |   153 |   322 |       ||   517
       Headbutt          |     3 |    12 |    61 |    37 ||   113
       Punch             |     1 |     1 |       |       ||     2
       Broad axe         |       |       |     2 |   121 ||   123
Invok: Berserk           |     1 |     1 |     6 |     2 ||    10
       Trog's Hand       |       |       |     1 |       ||     1
 Stab: Sleeping          |       |     1 |       |       ||     1
Armor: Animal skin       |    14 |    24 |       |       ||    38
       Plate armour      |       |    10 |   242 |    50 ||   302
Dodge: Dodged            |    29 |    83 |    66 |    17 ||   195
Block: Kite shield       |       |    14 |   172 |       ||   186
       Tower shield      |       |       |       |   127 ||   127
       Reflection        |       |       |       |     8 ||     8

Levels and vault maps discovered:
D:1:      tarquinn_simple_flora_water_d, layout_loops_corners, serial_shops,
          nicolae_shop_temple_entry_statues_fountains
D:2:      layout_rooms
D:3:      layout_loops_corners, mainiacjoe_overflow_catwalk,
          nicolae_qazlal_general_emergency, basic_ecumenical_altar,
          serial_shops, shop, minmay_snake_closets
D:4:      layout_gridville, grunt_dithmenos_smoke_and_mirrors, temple_green
D:5:      layout_basic, nicolae_shop_gadgets
D:6:      layout_rooms, nicolae_gozag_cash_rules_everything_around_me,
          kennysheep_path_1, kennysheep_small_circle, uniq_menkaure,
          uniq_eustachio
D:7:      layout_rooms, bloody_trog
D:8:      layout_gridville, lemuel_zombie_altar_kikubaaqudgha, dpeg_oklobed_lair
D:9:      minmay_the_grid_four_pointed_star
          [minmay_the_grid_triangle_9x9_fully_insulated_deathbox,
          minmay_the_grid_triangle_9x9_minimal,
          minmay_the_grid_triangle_9x9_checkered,
          minmay_the_grid_triangle_9x9_flanged_cone,
          minmay_the_grid_prize_inner_circle], layout_rooms, serial_shops,
          shop_fountains, chequers_serial_rivers_small_a,
          kennysheep_windowed_goal
Temple:   nicolae_temple_elliptical

Notes
Turn   | Place    | Note
-------+----------+-------------------------------------------
     0 | D:1      | browni3141 the Minotaur Berserker began the quest for the
                  | Orb.
     0 | D:1      | Reached XP level 1. HP: 19/19 MP: 0/0
   210 | D:1      | Reached skill level 4 in Axes
   210 | D:1      | Reached XP level 2. HP: 23/27 MP: 1/1
   476 | D:1      | Found Dueckihe's Weapon Emporium.
  1042 | D:2      | Reached skill level 4 in Fighting
  1042 | D:2      | Reached skill level 3 in Armour
  1042 | D:2      | Reached XP level 3. HP: 27/33 MP: 2/2
  1351 | D:2      | Reached skill level 5 in Axes
  1351 | D:2      | Reached XP level 4. HP: 21/41 MP: 3/3
  1732 | D:2      | Reached ** piety under Trog
  2007 | D:2      | HP: 4/41 [poisoned by an adder]
  2011 | D:2      | HP: 1/41 [poisoned by an adder]
  2973 | D:3      | Found a stormy altar of Qazlal.
  2990 | D:3      | Found a shimmering blue altar of Sif Muna.
  2995 | D:3      | Found a faded altar of an unknown god.
  3472 | D:3      | Reached XP level 5. HP: 46/47 MP: 4/4
  4026 | D:3      | Found Erhif's Antique Armour Shop.
  4033 | D:3      | Bought a pair of boots for 72 gold pieces
  4244 | D:4      | Reached skill level 5 in Fighting
  4244 | D:4      | Reached skill level 6 in Axes
  4244 | D:4      | Reached skill level 4 in Armour
  4479 | D:4      | Reached XP level 6. HP: 56/56 MP: 5/5
  4543 | D:4      | Noticed an orc warrior
  4551 | D:4      | Reached skill level 1 in Shields
  4554 | D:4      | Killed an orc warrior
  4555 | D:4      | Reached skill level 2 in Shields
  4767 | D:4      | Found a staircase to the Ecumenical Temple.
  5051 | D:4      | Found a shadowy altar of Dithmenos.
  5075 | D:4      | Reached XP level 7. HP: 49/61 MP: 6/6
  5141 | D:4      | Reached skill level 7 in Axes
  5141 | D:4      | Reached skill level 3 in Shields
  5354 | Temple   | Entered the Ecumenical Temple
  5401 | D:5      | Entered Level 5 of the Dungeon
  5476 | D:5      | Reached skill level 5 in Armour
  5715 | D:5      | Found Qoechuz's Gadget Gallery.
  5827 | D:5      | Reached skill level 4 in Shields
  6032 | D:5      | Identified the +8 whip of Anger {vorpal, rN+}
  6106 | D:6      | Noticed Menkaure
  6106 | D:6      | Found an opulent altar of Gozag.
  6110 | D:6      | Killed Menkaure
  6111 | D:6      | Reached skill level 6 in Fighting
  6116 | D:6      | Reached skill level 8 in Axes
  6116 | D:6      | Reached XP level 8. HP: 70/70 MP: 7/7
  6116 | D:6      | Reached *** piety under Trog
  6120 | D:6      | Reached skill level 5 in Shields
  6162 | D:6      | Noticed Eustachio
  6554 | D:6      | Killed Eustachio
  6555 | D:6      | Reached skill level 6 in Armour
  6555 | D:6      | Reached skill level 6 in Shields
  6703 | D:6      | Reached skill level 9 in Axes
  6985 | D:6      | Reached skill level 7 in Fighting
  7217 | D:6      | Found Yggul's Armour Shoppe.
  7449 | D:7      | Reached skill level 7 in Shields
  7449 | D:7      | Reached XP level 9. HP: 48/79 MP: 8/8
  7464 | D:7      | HP: 5/79 [bullfrog zombie (3)]
  7811 | D:7      | Noticed a troll
  7819 | D:7      | Killed a troll
  8263 | D:7      | Reached skill level 10 in Axes
  8264 | D:7      | Found a bloodstained altar of Trog.
  8527 | D:8      | Found an ancient bone altar of Kikubaaqudgha.
  8657 | D:8      | Reached skill level 7 in Armour
  8657 | D:8      | Reached skill level 8 in Shields
  8786 | D:8      | Found a staircase to the Lair.
  9534 | D:9      | Reached skill level 8 in Fighting
  9758 | D:9      | Found Liahul's Assorted Antiques.
  9763 | D:9      | Bought a broad axe for 96 gold pieces
  9763 | D:9      | Bought a vibrating platinum amulet for 120 gold pieces
  9763 | D:9      | Identified the amulet of the Eight Visionaries {Reflect
                  | +Blink Dex+3 SH+5} (You bought it in a shop on level 9 of
                  | the Dungeon)
  9808 | D:9      | Noticed a two-headed ogre
  9811 | D:9      | Identified the +0 tower shield of Watchfulness {rC+ Slay+3}
  9816 | D:9      | Killed a two-headed ogre
  9817 | D:9      | Reached skill level 11 in Axes
  9817 | D:9      | Reached skill level 1 in Throwing
  9817 | D:9      | Reached skill level 9 in Shields
  9817 | D:9      | Reached XP level 10. HP: 88/88 MP: 9/9
 10045 | D:9      | Reached skill level 1 in Evocations
 10219 | D:9      | Noticed a centaur warrior
 10330 | D:9      | Killed a centaur warrior
 10330 | D:9      | Noticed a boulder beetle
 10331 | D:9      | Reached skill level 2 in Throwing
 10331 | D:9      | Reached skill level 8 in Armour
 10342 | D:9      | Noticed a cyclops
 10347 | D:9      | Killed a cyclops
 10348 | D:9      | Reached skill level 2 in Evocations
 10377 | D:9      | Reached skill level 10 in Shields
 10378 | D:9      | Noticed a manticore
 10384 | D:9      | Killed a manticore
 10386 | D:9      | Reached **** piety under Trog
 10412 | D:9      | Noticed a cyclops
 10425 | D:9      | Killed a cyclops
 10426 | D:9      | Reached skill level 12 in Axes
 10785 | D:9      | Found a runed translucent door.
 10785 | D:9      | Noticed a purple ugly thing
 10786 | D:9      | Noticed a centaur warrior
 10787 | D:9      | Found a runed translucent door.
 10788 | D:9      | Noticed a red ugly thing
 10789 | D:9      | Found a runed translucent door.
 11017 | D:9      | Killed a purple ugly thing
 11023 | D:9      | Killed a red ugly thing
 11024 | D:9      | Reached skill level 9 in Fighting
 11024 | D:9      | Reached skill level 3 in Throwing
 11024 | D:9      | Reached XP level 11. HP: 97/97 MP: 10/10
 11028 | D:9      | Killed a centaur warrior
 11039 | D:9      | HP: 9/97 [efreet (8)]
 11039 | D:9      | Slain by an efreet

Vanquished Creatures
  2 centaur warriors (D:9)
  A two-headed ogre (D:9)
  2 ugly things (D:9)
  A manticore (D:9)
  2 cyclopes (D:9)
  A kobold demonologist (D:9)
  A troll (D:7)
  Eustachio (D:6)
  A yak (D:9)
  A wraith (D:9)
  4 steam dragons
  Menkaure (D:6)
  2 acid dragons
  2 water moccasins (D:8)
  2 hornet zombies
  A black bear (D:5)
  5 orc warriors
  A necrophage (D:6)
  2 ogres (D:6)
  5 centaurs
  A phantom (D:4)
  2 kobold brigands
  3 bullfrogs
  A scorpion (D:5)
  A wyvern skeleton (D:5)
  4 killer bees (D:9)
  6 howler monkeys
  A bullfrog zombie (D:7)
  A hound (D:7)
  3 orc priests
  A jelly (D:4)
  5 centaur zombies
  A centaur skeleton (D:6)
  3 bullfrog skeletons
  4 orc wizards
  A centaur simulacrum (D:9)
  A howler monkey zombie (D:7)
  13 adders
  3 gnolls (D:2)
  A howler monkey skeleton (D:6)
  A shadow imp (D:6)
  An adder skeleton (D:4)
  A worm (D:5)
  A dart slug (D:1)
  17 orcs
  3 bats
  3 bat zombies (D:8)
  7 endoplasms
  A giant cockroach (D:2)
  8 goblins
  6 hobgoblins
  14 kobolds
  5 quokkas
  7 ball pythons
  3 frilled lizards
  3 rats
  2 rat zombies (D:8)
177 creatures vanquished.

Vanquished Creatures (others)
  A hornet (D:9)
  A steam dragon (D:9)
2 creatures vanquished.

Grand Total: 179 creatures vanquished

Table legend: (Time is in decaauts)
 A = Elapsed time spent in this place.
 B = Non-inter-level travel time spent in this place.
 C = Inter-level travel time spent in this place.
 D = Time resting spent in this place.
 E = Time spent auto-exploring this place.
 F = Levels seen in this place.
 G = Mean time per level.
                   A        B        C        D        E       F      G
               +--------+--------+--------+--------+--------+-----+--------+
         Total |  11173 |  10864 |    309 |   1555 |   7793 |  10 | 1117.3 |
       Dungeon |  11157 |  10855 |    302 |   1555 |   7787 |   9 | 1239.7 |
        Temple |     15 |      8 |      7 |      0 |      6 |   1 |   15.0 |
               +--------+--------+--------+--------+--------+-----+--------+

Top non-repeatable levels by time:
     D:3: 1626 daAuts
     D:2: 1540 daAuts
     D:9: 1489 daAuts
     D:8: 1236 daAuts
     D:4: 1211 daAuts
     D:7: 1137 daAuts
     D:5: 1082 daAuts
     D:1: 1038 daAuts
     D:6: 793 daAuts
  Temple: 15 daAuts

Table legend:
 A = Non-vault XP
 B = Vault XP
 C = Vault XP percentage of total XP
 D = Non-vault monster count
 E = Vault monster count
 F = Vault count percentage of total count
                 A         B        C        D         E       F
            +---------+---------+-------+---------+---------+-------
      Total |    5946 |    6661 |  52.8 |     138 |      39 |  22.0
            +---------+---------+-------+---------+---------+-------
        D:1 |      25 |       0 |   0.0 |      12 |       0 |   0.0
        D:2 |     113 |       0 |   0.0 |      22 |       0 |   0.0
        D:3 |      36 |      84 |  70.0 |      13 |      11 |  45.8
        D:4 |     604 |       0 |   0.0 |      21 |       0 |   0.0
        D:5 |     362 |       0 |   0.0 |       6 |       0 |   0.0
        D:6 |     855 |     593 |  41.0 |      20 |       5 |  20.0
        D:7 |    1041 |       0 |   0.0 |      10 |       0 |   0.0
        D:8 |    1051 |       8 |   0.8 |      18 |       5 |  21.7
        D:9 |    1859 |    5976 |  76.3 |      16 |      18 |  52.9
            +---------+---------+-------+---------+---------+-------
